 Dungeon Crawl Stone Soup version 0.24-a0-525-g9231cdcba1 (webtiles) character file.

Game seed: 1990389660398259278

12527 Peloso the Carver (level 11, -7/97 HPs)
             Began as a Minotaur Fighter on Aug 1, 2019.
             Was a High Priest of Okawaru.
             Killed from afar by Jorgrun (27 damage)
             ... with a blast of rock fragments
             ... on level 12 of the Dungeon.
             The game lasted 00:21:36 (9547 turns).

Peloso the Carver (Minotaur Fighter)                Turns: 9547, Time: 00:21:37

Health: -7/97      AC: 15    Str: 22    XL:     11   Next: 63%
Magic:  10/10      EV:  5    Int: 10    God:    Okawaru [*****.]
Gold:   659        SH:  0    Dex: 12    Spells: 10/10 levels left

rFire    . . .     SeeInvis +   a - +1 falchion (slice)
rCold    . . .     Gourm    .   k - +0 large shield of the Sun {Int+5} (curse)
rNeg     . . .     Faith    .   z - +1 scale mail "Qirer" {MR- Slay+5} (curse)
rPois    +         Spirit   .   G - +2 hat {SInv}
rElec    .         Reflect  .   p - +2 cloak {rPois}
rCorr    .         Harm     .   (no gloves)
MR       .....                  (no boots)
Stlth    ..........             (no amulet)
HPRegen  0.26/turn              n - +4 ring of slaying
MPRegen  0.12/turn              (no ring)

@: petrifying (expiring), hasted and slowed, lightly drained, very slow
A: retaliatory headbutt, horns 2
a: Heroism, Finesse, Renounce Religion


You were on level 12 of the Dungeon.
You worshipped Okawaru.
Okawaru was extremely pleased with you.
You were not hungry.

You visited 2 branches of the dungeon, and saw 13 of its levels.

You collected 899 gold pieces.
You spent 240 gold pieces at shops.

Inventory:

Hand Weapons
 a - a +1 falchion of slicing (weapon)
 A - a +0 hand axe of flaming
Armour
 b - a +0 scale mail
 k - the cursed +0 large shield of the Sun (worn) {Int+5}
   (You found it on level 10 of the Dungeon)

   It affects your intelligence (+5).
   It has a curse placed upon it.
 o - a scarf of cloud immunity
 p - a +2 cloak of poison resistance (worn)
 z - the cursed +1 scale mail "Qirer" (worn) {MR- Slay+5}
   (You found it on level 11 of the Dungeon)

   It affects your accuracy and damage with ranged weapons and melee attacks
   (+5).
   It affects your resistance to hostile enchantments.
   It has a curse placed upon it.
 G - a +2 hat of see invisible (worn)
 L - a +0 plate armour
Jewellery
 n - a +4 ring of slaying (left hand)
Wands
 c - a wand of random effects (30)
 l - a wand of acid (6)
 v - a wand of enslavement (8)
 x - a wand of flame (16)
 F - a wand of digging (7)
Scrolls
 d - 2 scrolls of fog
 g - 4 scrolls of identify
 i - 3 scrolls of amnesia
 j - 3 scrolls of magic mapping
 m - a scroll of remove curse
 s - 3 scrolls of enchant armour {unknown}
 w - a scroll of random uselessness {unknown}
 y - a scroll of blinking {unknown}
 B - 2 scrolls of summoning {unknown}
 C - 5 scrolls of teleportation
 E - 2 scrolls of fear {unknown}
 H - a scroll of brand weapon {unknown}
Potions
 e - 6 potions of heal wounds
 h - a potion of haste
 q - 3 potions of magic
 r - 7 potions of curing
 t - 2 potions of agility
 u - 2 potions of mutation
 D - 3 potions of brilliance
 I - a potion of flight
 J - a potion of degeneration {unknown}
Comestibles
 f - 18 rations


   Skills:
 + Level 9.2(8.7) Fighting
 + Level 12.7(12.2) Long Blades
 + Level 10.1(9.6) Armour
 + Level 5.7(5.3) Dodging
 + Level 1.7(1.4) Stealth
 + Level 11.8(11.4) Shields
 + Level 0.1(0.0) Invocations
 + Level 0.2(0.0) Evocations


You had 10 spell levels left.
You didn't know any spells.
Your spell library contained the following spells:

 Spells                   Type           Power        Failure   Level  Hunger
 Animate Skeleton         Necr           N/A          99%         1    ##.....
 Magic Dart               Conj           #...         99%         1    ##.....
 Pain                     Necr           #...         99%         1    ##.....
 Sting                    Conj/Pois      #...         99%         1    ##.....
 Poisonous Vapours        Pois/Air       #.....       100%        2    ###....
 Searing Ray              Conj           #.....       100%        2    ###....
 Dazzling Spray           Conj/Hex       #.....       100%        3    ####...
 Mephitic Cloud           Conj/Pois/Air  #.......     100%        3    ####...
 Regeneration             Chrm/Necr      #.........   100%        3    ####...
 Vampiric Draining        Necr           #.........   100%        3    ####...
 Animate Dead             Necr           N/A          100%        4    #####..
 Force Lance              Conj/Tloc      #.......     100%        4    #####..
 Fulminant Prism          Conj/Hex       #.........   100%        4    #####..
 Iskenderun's Mystic Bla  Conj           #.......     100%        4    #####..
 Olgreb's Toxic Radiance  Pois           #.......     100%        4    #####..
 Venom Bolt               Conj/Pois      #.........   100%        5    ######.


Dungeon Overview and Level Annotations

Branches:
Dungeon (12/15)            Temple (1/1) D:5            Lair (0/6) D:9
    Orc (0/2) D:11

Altars:
Ashenzari
Cheibriados
Dithmenos
Elyvilon
Fedhas
Gozag
Hepliaklqana
Kikubaaqudgha
Makhleb
Nemelex Xobeh
Okawaru
Qazlal
Ru
Trog
Uskayaw
Vehumet
Wu Jian
Xom
Yredelemnul
Zin

Shops:
D:5 =   D:6 =   D:8 %   D:9 !

Annotations:
D:9 3 runed translucent doors, hemabe's ghost, journeyman HuAr
D:12 Jorgrun


Innate Abilities, Weirdness & Mutations

You reflexively headbutt those who attack you in melee.
You have a pair of horns on your head.


Message History

Unknown command.
The wraith hits you but does no damage.
Jorgrun says, "May tha earth consume ye!"
Jorgrun gestures at you while chanting.
You are slowing down.
Unknown command.
Unknown command.
The wraith hits you!
* * * LOW HITPOINT WARNING * * *
The wraith drains your vigour!
You feel as though you will be slow longer.
The wraith hits you.
* * * LOW HITPOINT WARNING * * *
The wraith drains your vigour!
You feel as though you will be slow longer.
Your limbs are stiffening.
The wraith hits you but does no damage.
Jorgrun points at the green ugly thing and mumbles some strange words.
The wall shatters!
The blast of rock fragments hits you!!!
You die...

........(.........
#.......>#
#####........#######.#
...................#.#
#####...)##........#.#
#.....+..ogW...#.#
#....###....uW..#.#
#...........W.#.#.#
#.....####..W@#.#.#
#..... #.......<#
......# #...##.#.#
###### ......+..#.#
###...####.#
..........#
###...###### ...<


You could see Jorgrun, a green ugly thing, 4 wraiths and an orc.

Vanquished Creatures
  Josephine (D:12)
  2 two-headed ogres
  An unseen horror (D:11)
  An ugly thing (D:11)
  Joseph (D:7)
  Psyche (D:9)
  4 trolls
  6 slime creatures (D:11)
  2 hippogriffs
  11 yaks (D:10)
  A vampire (D:11)
  2 humans (D:10)
  A hungry ghost (D:10)
  Menkaure (D:5)
  A water moccasin (D:6)
  2 sky beasts
  2 orc warriors
  An ice beast (D:6)
  A black bear (D:7)
  4 phantoms
  A hornet zombie (D:6)
  3 centaurs
  3 ogres
  5 bullfrogs
  A gnoll sergeant (D:7)
  A wyvern skeleton (D:10)
  A scorpion (D:11)
  6 howler monkeys
  6 wights
  5 crimson imps
  A centaur zombie (D:10)
  3 bullfrog skeletons
  7 hounds
  2 jellies
  5 orc priests
  Crazy Yiuf (D:2)
  11 orc wizards
  2 iguanas
  14 worker ants
  A hound skeleton (D:8)
  2 worker ant zombies
  8 gnolls
  16 adders
  2 shadow imps
  An adder skeleton (D:6)
  An adder zombie (D:5)
  2 worms
  A dart slug (D:3)
  5 leopard geckos
  25 orcs
  3 giant cockroaches
  6 goblins
  A hobgoblin (D:1)
  24 jackals
  6 quokkas
  7 bats
  A frilled lizard (D:2)
  6 kobolds
  6 rats
248 creatures vanquished.

Vanquished Creatures (others)
  A wizard (D:8)
1 creature vanquished.

Grand Total: 249 creatures vanquished

Notes
Turn   | Place    | Note
-------+----------+-------------------------------------------
     0 | D:1      | Peloso the Minotaur Fighter began the quest for the Orb.
     0 | D:1      | Reached XP level 1. HP: 19/19 MP: 0/0
   194 | D:1      | Reached XP level 2. HP: 27/27 MP: 1/1
   790 | D:2      | Reached XP level 3. HP: 21/33 MP: 2/2
  1025 | D:2      | Found a runed translucent door.
  1026 | D:2      | Noticed Crazy Yiuf
  1035 | D:2      | Killed Crazy Yiuf
  1035 | D:2      | Reached skill level 3 in Long Blades
  1035 | D:2      | Reached XP level 4. HP: 10/40 MP: 0/3
  1716 | D:3      | Reached XP level 5. HP: 29/46 MP: 4/4
  1747 | D:3      | Reached skill level 1 in Dodging
  1777 | D:3      | Found a glowing silver altar of Zin.
  1783 | D:3      | Noticed an angel
  1785 | D:3      | Found a shimmering altar of Xom.
  2072 | D:3      | Reached skill level 5 in Armour
  2077 | D:3      | Reached skill level 4 in Long Blades
  2077 | D:3      | Reached skill level 5 in Shields
  2511 | D:4      | Noticed a phantom
  2519 | D:4      | Reached XP level 6. HP: 46/52 MP: 5/5
  2621 | D:4      | Reached skill level 5 in Long Blades
  2627 | D:4      | Found a shattered altar of Ashenzari.
  2643 | D:4      | Reached XP level 7. HP: 60/60 MP: 6/6
  3023 | D:4      | Reached skill level 6 in Long Blades
  3064 | D:4      | You fall into a shaft and drop 3 floors!
  3208 | D:6      | Reached skill level 7 in Long Blades
  3208 | D:6      | Reached XP level 8. HP: 36/67 MP: 7/7
  3241 | D:6      | Found Sanit's Jewellery Shop.
  3544 | D:6      | Reached skill level 5 in Fighting
  3734 | D:6      | Reached skill level 8 in Long Blades
  3843 | D:5      | Entered Level 5 of the Dungeon
  3972 | D:5      | Noticed Menkaure
  3977 | D:5      | Killed Menkaure
  4074 | D:5      | Found Jiuteved's Jewellery Shoppe.
  4160 | D:5      | Reached XP level 9. HP: 74/74 MP: 8/8
  4186 | D:5      | Found a staircase to the Ecumenical Temple.
  4610 | Temple   | Entered the Ecumenical Temple
  4622 | Temple   | Became a worshipper of Warmaster Okawaru
  4920 | D:7      | Reached skill level 1 in Stealth
  5003 | D:7      | Found a hide-covered altar of Uskayaw.
  5092 | D:7      | Noticed Joseph
  5107 | D:7      | Killed Joseph
  5107 | D:7      | Reached skill level 9 in Long Blades
  5268 | D:7      | Reached * piety under Okawaru
  5519 | D:8      | Noticed a troll
  5531 | D:8      | Killed a troll
  5531 | D:8      | Reached skill level 10 in Long Blades
  5563 | D:8      | Reached ** piety under Okawaru
  5566 | D:8      | Noticed a two-headed ogre
  5815 | D:8      | Reached XP level 10. HP: 84/84 MP: 9/9
  5967 | D:8      | Killed a two-headed ogre
  6015 | D:8      | Found a shadowy altar of Dithmenos.
  6019 | D:8      | Found Eluec's Food Boutique.
  6029 | D:8      | Reached *** piety under Okawaru
  6165 | D:8      | Reached skill level 10 in Shields
  6243 | D:8      | Found a bloodstained altar of Trog.
  6244 | D:8      | Noticed a wizard
  6250 | D:8      | Killed a wizard
  6294 | D:8      | Found an ancient bone altar of Kikubaaqudgha.
  6295 | D:8      | Found a blossoming altar of Fedhas.
  6445 | D:8      | Found an opulent altar of Gozag.
  6448 | D:8      | Found a stormy altar of Qazlal.
  6449 | D:8      | Found a radiant altar of Vehumet.
  6552 | D:9      | Noticed a two-headed ogre
  6560 | D:9      | Killed a two-headed ogre
  6560 | D:9      | Reached skill level 11 in Long Blades
  6585 | D:9      | Noticed Psyche
  6592 | D:9      | Killed Psyche
  6592 | D:9      | Reached skill level 5 in Dodging
  6685 | D:9      | Found a runed translucent gate.
  6689 | D:9      | Found a runed translucent gate.
  6689 | D:9      | Noticed hemabe's ghost (journeyman HuAr)
  6690 | D:9      | Found a runed translucent gate.
  6739 | D:9      | Found Cugradwa's Distillery.
  6748 | D:9      | Bought a potion of curing for 45 gold pieces
  6748 | D:9      | Bought 2 potions of heal wounds for 150 gold pieces
  6748 | D:9      | Bought a potion of flight for 45 gold pieces
  7074 | D:9      | Found a staircase to the Lair.
  7269 | D:10     | Entered Level 10 of the Dungeon
  7306 | D:10     | Reached **** piety under Okawaru
  7344 | D:10     | Found an iron altar of Okawaru.
  7598 | D:10     | Reached XP level 11. HP: 71/94 MP: 10/10
  7621 | D:10     | Reached skill level 12 in Long Blades
  7720 | D:10     | Reached ***** piety under Okawaru
  7739 | D:10     | Got a transparent large shield
  7745 | D:10     | Identified the cursed +0 large shield of the Sun {Int+5}
                  | (You found it on level 10 of the Dungeon)
  8111 | D:11     | Got a smoking scale mail
  8122 | D:11     | Identified the cursed +1 scale mail "Qirer" {MR- Slay+5}
                  | (You found it on level 11 of the Dungeon)
  8406 | D:11     | Killed an unseen horror
  8424 | D:11     | Found a staircase to the Orcish Mines.
  8578 | D:11     | Noticed a purple ugly thing
  8587 | D:11     | Killed a purple ugly thing
  8693 | D:11     | Received a gift from Okawaru
  9524 | D:12     | Noticed Josephine
  9529 | D:12     | Noticed Jorgrun
  9534 | D:12     | Killed Josephine
  9534 | D:12     | Reached skill level 10 in Armour
  9534 | D:12     | Noticed a green ugly thing
  9547 | D:12     | Killed from afar by Jorgrun

Levels and vault maps discovered:
D:1:      erik_arrival_cave_to_civilisation [erik_arrival_cave_to_hall],
          layout_loops_ring
D:2:      layout_basic, first_ration, uniq_crazy_yiuf_cottage
D:3:      layout_basic, grunt_temple_overflow_order_and_chaos_1,
          kennysheep_pointless_box
D:4:      layout_basic, minmay_ruined_shrine
D:5:      layout_gridville, minmay_temple_entry_wispy, serial_shops,
          kennysheep_mini, uniq_menkaure
D:6:      layout_basic, serial_shops, shop
D:7:      layout_gridville, nicolae_overflow_hidden_temple, grunt_ogre_cave,
          uniq_joseph
D:8:      layout_cave_pools, grunt_temple_overflow_growth_and_decay, minitemple,
          serial_shops, shop_fountains, trog_wizard
D:9:      layout_cave_pods, lair_entry_dummy, gammafunk_ghost_nasty_kobolds,
          serial_shops, shop, uniq_psyche
D:10:     layout_rooms, okawaru_humans
D:11:     layout_long_grid, orc_0_dummy
D:12:     layout_basic, nicolae_wwwww, uniq_jorgrun, uniq_rupert, uniq_josephine
Temple:   cyrus_circular_temple

Skill      XL: |  1  2  3  4  5  6  7  8  9 10 11 |
---------------+----------------------------------+-----
Armour         | 4 5 6 7 8 9 10 | 10.1
Shields        | 4 5 6 7 8 9 11 | 11.8
Fighting       | 4 5 6 8 9 |  9.2
Long Blades    | 3 4 5 7 8 10 11 12 | 12.7
Dodging        | 1 2 4 5 |  5.7
Stealth        | 1 |  1.7
Invocations    | |  0.1
Evocations     | |  0.2

Action                   |  1- 3 |  4- 6 |  7- 9 | 10-12 || total
-------------------------+-------+-------+-------+-------++-------
Melee: Long sword        |    85 |    50 |       |       ||   135
       Headbutt          |    14 |    19 |    61 |   100 ||   194
       Falchion          |       |    48 |   279 |   282 ||   609
Invok: Heroism           |       |       |       |     2 ||     2
Evoke: Wand              |       |       |       |     2 ||     2
  Use: Potion            |       |     1 |       |     1 ||     2
       Scroll            |       |       |       |    16 ||    16
  Eat: Chunk             |       |     6 |    10 |    10 ||    26
       Ration            |       |       |       |     1 ||     1
Armor: Scale mail        |    24 |    47 |    31 |    35 ||   137
       Chain mail        |       |       |    72 |    32 ||   104
       Plate armour      |       |       |       |    51 ||    51
Dodge: Dodged            |    23 |    37 |    72 |    49 ||   181
Block: Shield            |    55 |    76 |   195 |   108 ||   434
       Large shield      |       |       |       |    87 ||    87
       Rpst.: Long sword |     6 |     7 |       |       ||    13
       Falchion          |       |     7 |    18 |     8 ||    33

Table legend:
 A = Non-vault XP
 B = Vault XP
 C = Vault XP percentage of total XP
 D = Non-vault monster count
 E = Vault monster count
 F = Vault count percentage of total count
                 A         B        C        D         E       F
            +---------+---------+-------+---------+---------+-------
      Total |   15054 |    2843 |  15.9 |     237 |      11 |   4.4
            +---------+---------+-------+---------+---------+-------
        D:1 |      16 |       0 |   0.0 |       9 |       0 |   0.0
        D:2 |      90 |      40 |  30.8 |      23 |       1 |   4.2
        D:3 |     208 |       0 |   0.0 |      32 |       0 |   0.0
        D:4 |     621 |     157 |  20.2 |      17 |       3 |  15.0
        D:5 |     113 |     172 |  60.4 |       4 |       1 |  20.0
        D:6 |    1274 |       0 |   0.0 |      33 |       0 |   0.0
        D:7 |    1159 |     576 |  33.2 |      31 |       2 |   6.1
        D:8 |    2513 |       0 |   0.0 |      31 |       0 |   0.0
        D:9 |    1482 |     410 |  21.7 |      11 |       1 |   8.3
       D:10 |    3626 |     389 |   9.7 |      23 |       2 |   8.0
       D:11 |    3952 |       0 |   0.0 |      23 |       0 |   0.0
       D:12 |       0 |    1099 | 100.0 |       0 |       1 | 100.0
            +---------+---------+-------+---------+---------+-------
